 Dungeon Crawl Stone Soup version 0.27.1-3-gb3d3a73c9e (webtiles) character file.

Game seed: 17631046957031262935

122 Urokeeper the Sneak (level 5, -6/45 HPs)
             Began as a Kobold Brigand on Oct 27, 2021.
             Killed from afar by Ijyb (9 damage)
             ... with a bolt of acid
             ... on level 3 of the Dungeon.
             The game lasted 00:07:20 (3844 turns).

Urokeeper the Sneak (Kobold Brigand)                Turns: 3844, Time: 00:07:21

Health: -6/45      AC:  6    Str: 10    XL:     5   Next: 27%
Magic:  5/5        EV: 14    Int: 12    God:
Gold:   66         SH:  0    Dex: 16    Spells: 4/4 levels left

rFire    . . .     SeeInvis .   s - +1 dagger (protect)
rCold    . . .     Faith    .   (shield restricted)
rNeg     . . .     Spirit   .   b - +0 robe
rPois    .         Reflect  .   (no helmet)
rElec    .         Harm     .   c - +0 cloak
rCorr    .         Rampage  .   (no gloves)
Will     .....                  (no boots)
Stlth    ..........             (no amulet)
HPRegen  0.15/turn              (no ring)
MPRegen  0.09/turn              (no ring)

@: berserking, corroded, under a protective aura, very quick
A: small, no large weapons, nightstalker 3
a: no special abilities


You were on level 3 of the Dungeon.
You visited 1 branch of the dungeon, and saw 4 of its levels.

You collected 66 gold pieces.

Inventory:

Hand Weapons
 a - a +2 dagger
 s - a +1 dagger of protection (weapon)
Missiles
 d - 8 poisoned darts (quivered)
Armour
 b - a +0 robe (worn)
 c - a +0 cloak (worn)
 j - a +0 scale mail
Jewellery
 p - an amulet of reflection
Scrolls
 h - a scroll of fear {unknown}
 i - a scroll of teleportation {unknown}
 n - 3 scrolls of identify {unknown}
 q - a scroll of silence {unknown}
 r - a scroll of enchant armour {unknown}
Potions
 f - a potion of berserk rage
 g - 3 potions of curing {unknown}
 k - a potion of lignification {unknown}
 l - a potion of heal wounds {unknown}
 m - a potion of resistance {unknown}
 o - a potion of brilliance {unknown}


   Skills:
 - Level 2.1 Fighting
 - Level 2.6(4.4) Short Blades
 * Level 3.4(3.6) Long Blades
 - Level 2.1 Throwing
 + Level 1.8 Dodging
 + Level 5.5 Stealth


You had 4 spell levels left.
You didn't know any spells.
Your spell library was empty.

Dungeon Overview and Level Annotations

Branches:
Dungeon (4/15)
 Temple: D:4-7

Altars:
Gozag

Annotations:
D:3 Ijyb


Innate Abilities, Weirdness & Mutations

You are small and have problems with some larger weapons.
You are completely attuned to the shadows.


Message History

The goblin closely misses you.
Throw: 2 darts (curare)
Press: ? - help, Q - select action, (/) - cycle Shift-Dir - straight line, f - Ijyb
Aim: Ijyb, wielding a +0 club, wearing a +0 ring mail and carrying a wand of acid (6) (58% to hit)
You throw a curare-tipped dart.
The curare-tipped dart barely misses Ijyb.
Ijyb hits you with a +0 club.
* * * LOW HITPOINT WARNING * * *
The goblin barely misses you.
Okay, then.
Unknown command.
Throw: dart (curare)
Press: ? - help, Q - select action, (/) - cycle Shift-Dir - straight line, f/p - Ijyb
Aim: Ijyb, wielding a +0 club, wearing a +0 ring mail and carrying a wand of acid (6) (58% to hit)
You throw a curare-tipped dart.
The curare-tipped dart closely misses Ijyb.
Ijyb zaps a wand.
The bolt of acid misses you.
It was a potion of berserk rage.
A red film seems to cover your vision as you go berserk!
You feel yourself moving faster!
You feel mighty! The goblin closely misses you.
Ijyb hits you but does no damage.
You hit Ijyb.
Ijyb is lightly wounded.
The goblin misses you.
You barely miss Ijyb.
Ijyb is lightly wounded.
Ijyb hits you but does no damage. The goblin misses you.
You hit Ijyb but do no damage.
Ijyb is lightly wounded.
You hit Ijyb.
Ijyb is moderately wounded.
Ijyb hits you with a +0 club.
* * * LOW HITPOINT WARNING * * *
The goblin hits you but does no damage.
You puncture Ijyb!
Ijyb is severely wounded.
You hit Ijyb.
Ijyb is almost dead.
Ijyb zaps a wand.
The bolt of acid hits you!
You die...

#...#.....#
..≈≈.#.#.
#...#.....#
h.≈≈.#.#.
#...#.....#
..≈≈.#.#.
##'##.....#
..≈≈.#.#.
#..........
..≈≈.#...
#...........
..≈≈.###.
#...########
..≈≈.....
#...#.......
##≈≈####.
#...'..@g..(
#≈≈ ##
#...'...g...
#≈≈
############
###


You could see Ijyb and a goblin.

Vanquished Creatures
  4 adders
  A shadow imp (D:3)
  3 dart slugs
  6 ball pythons
  8 bats
  2 endoplasms
  2 giant cockroaches
  12 goblins
  5 hobgoblins
  7 jackals (D:3)
  6 kobolds
  2 quokkas (D:3)
  A frilled lizard (D:3)
  3 rats
  A spectral kobold (D:2)
63 creatures vanquished.

Notes
Turn   | Place    | Note
-------+----------+-------------------------------------------
     0 | D:1      | Urokeeper the Kobold Brigand began the quest for the Orb.
     0 | D:1      | Reached XP level 1. HP: 12/12 MP: 1/1
   146 | D:1      | Reached skill level 1 in Long Blades
   217 | D:1      | Reached XP level 2. HP: 13/17 MP: 2/2
   711 | D:1      | Reached XP level 3. HP: 21/21 MP: 3/3
  1504 | D:2      | Reached XP level 4. HP: 22/26 MP: 4/4
  1728 | D:2      | Found a faded altar of an unknown god.
  1867 | D:2      | You fall into a shaft and drop 2 floors!
  2795 | D:3      | Reached XP level 5. HP: 27/30 MP: 5/5
  3453 | D:3      | Found an opulent altar of Gozag.
  3830 | D:3      | Noticed Ijyb
  3844 | D:3      | Killed from afar by Ijyb

Illustrated notes

Levels and vault maps discovered:
D:1:      wander_arrival_fairy_ring, layout_basic, minmay_misc_feat_doors,
          hangedman_abyss_or_decor_lesser_grid, minmay_shallow_snake_nest
D:2:      layout_basic, dreamdust_ecumenical_altar_drowned_temple,
          minmay_misc_feat_encased
D:3:      kennysheep_goblin_castle, layout_basic, grunt_gozag_statues
D:4:      minmay_skewed_foursquare, layout_loops_ring, minmay_misc_feat_iff

Skill      XL: |  1  2  3  4 |
---------------+-------------+-----
Long Blades    | 1 2 3 |  3.4
Fighting       | |  2.1
Short Blades   | |  2.6
Throwing       | |  2.1
Dodging        | |  1.8
Stealth        | |  5.5

Action                   |  1- 3 |  4- 6 || total
-------------------------+-------+-------++-------
Melee: Dagger            |    84 |   108 ||   192
Throw: Dart              |       |     2 ||     2
  Use: Potion            |       |     1 ||     1
 Stab: Sleeping          |    17 |    13 ||    30
       Distracted        |       |     1 ||     1
Armor: Robe              |    15 |    22 ||    37
Dodge: Dodged            |    42 |    80 ||   122
